AoeStats
← Pais_Jah

Arena

510588317Analyzed
1v1 RM · 1d ago on Oct 1, 2026· 106m 45s· 2 players
Game mode
Random Map
Map size
Tiny (2 player)
Population
200
Speed
Normal
Resources
Standard
Victory
Conquest
Starting age
Dark Age
Ending age
Imperial Age
RankedLock teamsTeams togetherTeam positionsShared explorationLock speedFull tech treeHidden civsTurbo modeCheats
Victory
Defeat
🇩🇪 Maya · Germany
707
+16
🇩🇪 Bohemians · Germany
697
-16
Pais_Jah
6:56 Loom
9:24 Feudal Age
15:31 Castle Age
13:52 Double-Bit Axe
17:44 Horse Collar
17:28 Pikeman
19:26 Wheelbarrow
19:10 Fervor
23:07 Chemistry
23:48 Redemption
27:52 Hand Cart
32:28 Imperial Age
31:05 Heavy Plow
31:25 Scale Mail Armor
32:57 Bow Saw
33:18 Ballistics
32:54 Murder Holes
33:10 Fortified Wall
33:14 Masonry
37:38 Halberdier
40:47 Chain Mail Armor
44:20 Plate Mail Armor
44:02 Forging
56:48 Loom
59:01 Elite Skirmisher
66:11 Fletching
66:21 Padded Archer Armor
66:58 Iron Casting
67:27 Iron Casting
68:08 Bodkin Arrow
68:14 Padded Archer Armor
69:14 Blast Furnace
70:49 Conscription
71:34 Bracer
71:50 Leather Archer Armor
77:29 Man-at-Arms
78:01 Long Swordsman
79:00 Two-Handed Swordsman
80:21 Ring Archer Armor
79:42 Arson
79:58 Squires
81:04 Champion
90:07 Houfnice
hishighness
0:27 Loom
11:39 Feudal Age
12:16 Double-Bit Axe
12:15 Horse Collar
19:42 Castle Age
18:46 Gold Mining
19:30 Forging
23:47 Squires
23:08 Eagle Warrior
26:53 Scale Mail Armor
27:04 Forging
27:50 Ballistics
28:03 Bow Saw
29:54 Stone Mining
37:21 Imperial Age
35:29 Wheelbarrow
34:59 Town Watch
36:23 Hul'che Javelineers
35:49 Elite Skirmisher
36:36 Thumb Ring
38:02 Hand Cart
37:48 Town Patrol
37:47 Murder Holes
38:36 Iron Casting
38:16 Chain Mail Armor
39:23 Conscription
39:29 Fletching
39:51 Elite Eagle Warrior
40:32 Elite Eagle Warrior
42:16 Blast Furnace
41:46 Plate Mail Armor
41:17 Padded Archer Armor
42:33 Chemistry
42:19 Holcans
41:12 Elite Plumed Archer
44:19 Bodkin Arrow
44:25 Padded Archer Armor
44:55 Plate Mail Armor
45:12 Capped Ram
46:55 Siege Ram
47:51 Pikeman
99:12 Two-Man Saw
Connection lost

Rejoining the realm…

Still unreachable

The connection could not be restored.

Session expired

The server has moved on; the page needs a fresh start.